 Dungeon Crawl Stone Soup version 0.30-a0-1018-g25214051b3 (webtiles) character file.

Game seed: 3976532768981561084

1271 DeathPants the Ruffian (level 8, -4/67 HPs)
             Began as a Purple Draconian Transmuter on Apr 7, 2023.
             Slain by an ice beast (9 damage)
             ... on level 5 of the Dungeon.
             The game lasted 00:13:07 (4024 turns).

DeathPants the Ruffian (DrTm)                       Turns: 4024, Time: 00:13:08

Health: -4/67      AC:  9    Str: 21    XL:     8   Next: 28%
Magic:  15/15      EV: 13    Int: 14    God:
Gold:   926        SH:  0    Dex: 11    Spells: 11/17 levels left

rFire   . . .      SeeInvis .      - Unarmed
rCold   . . .      Faith    .    (no shield)
rNeg    . . .      Spirit   .    (body armour unavailable)
rPois   .          Reflect  .    (helmet restricted)
rElec   .          Rampage  .    (no cloak)
rCorr   .                        (no gloves)
Will    +....                    l - +2 pair of boots
Stlth   +                        (no amulet)
HPRegen 0.31/turn                s - +6 ring of strength
MPRegen 0.14/turn                (no ring)

@: slowed, very slow
A: breathe power, AC +6, unfitting armour, cold-blooded
a: Breathe Dispelling Energy


You were on level 5 of the Dungeon.
You visited 1 branch of the dungeon, and saw 6 of its levels.

You collected 1110 gold pieces.
You spent 184 gold pieces at shops.

Inventory:

Missiles
 i - 12 javelins
 w - 9 poisoned darts
Armour
 b - an orb of guile
 l - a +2 pair of boots (worn)
Jewellery
 p - a ring of see invisible
 s - a +6 ring of strength (left hand)
Wands
 m - a wand of roots (9)
Scrolls
 f - 3 scrolls of poison
 g - a scroll of blinking
 k - 4 scrolls of teleportation
Potions
 a - 2 potions of cancellation
 c - 3 potions of curing
 d - 5 potions of heal wounds
 j - a potion of haste
 n - a potion of attraction
 o - a potion of mutation
 q - a potion of brilliance
 v - 2 potions of resistance {unknown}


   Skills:
 + Level 4.8 Fighting
 + Level 4.3 Dodging
 + Level 5.4 Unarmed Combat
 - Level 5.0 Spellcasting
 + Level 4.8 Transmutations
 + Level 1.4 Poison Magic


You had 11 spell levels left.
You knew the following spells:

 Your Spells              Type           Power      Damage    Failure   Level
a - Beastly Appendage     Tmut           34%        N/A       2%          1
b - Wereblood             Tmut           17%        N/A       3%          2
c - Spider Form           Tmut/Pois      12%        N/A       14%         3

Your spell library contained the following spells:

 Spells                   Type           Power      Damage    Failure   Level
 Poisonous Vapours        Pois/Air       10%        N/A       21%         2
 Mephitic Cloud           Conj/Pois/Air  4%         N/A       38%         3
 Stone Arrow              Conj/Erth      6%         3d7       45%         3
 Ice Form                 Ice/Tmut       10%        N/A       54%         4
 Anguish                  Hex/Necr       1%         N/A       86%         4
 Cause Fear               Hex            1%         N/A       86%         4
 Freezing Cloud           Conj/Ice/Air   1%         6-21      99%         5
 Iskenderun's Battlesphe  Conj           3%         2d6       99%         5
 Iron Shot                Conj/Erth      1%         9d1       100%        6
 Enfeeble                 Hex            1%         N/A       100%        7
 Spellforged Servitor     Conj/Summ      1%         N/A       100%        7
 Lehudib's Crystal Spear  Conj/Erth      1%         10d2      100%        8
 Animate Armour           Summ/Erth      Unusable   N/A       N/A         4

Dungeon Overview and Level Annotations

Branches:
Dungeon (6/15)
 Temple: D:4-7

Altars:
Okawaru
Xom
The Shining One

Shops:
D:2 [   D:5 ?

Annotations:
D:5 2 transporters, Tollund's ghost, weakling HuDe


Innate Abilities, Weirdness & Mutations

You can breathe bolts of dispelling energy.
Your rich purple scales are hard. (AC +6)
You cannot fit into any form of body armour.
You are cold-blooded and may be slowed by cold attacks.


Message History

* * * LOW HITPOINT WARNING * * *
The ice beast misses you. The dart slug barely misses you.
You see here a hound corpse.
You hit the dart slug. You punch the dart slug.
The dart slug is almost dead.
The ice beast hits you but does no damage.
You barely miss the dart slug. You punch the dart slug.
You feel a bit better.
You kill the dart slug!
Your primal bloodlust has ended.
The ice beast hits you but does no damage.
You closely miss the ice beast. You tail-slap the ice beast.
The ice beast is lightly wounded.
The ice beast misses you.
You hit the ice beast.
The ice beast is moderately wounded.
The ice beast hits you.
* * * LOW HITPOINT WARNING * * *
The ice beast freezes you.
You feel yourself slow down.
* * * LOW HITPOINT WARNING * * *
You hit the ice beast but do no damage.
The ice beast is moderately wounded.
The ice beast closely misses you.
You hit the ice beast but do no damage.
Your tail-slap misses the ice beast.
The ice beast is moderately wounded.
You feel yourself speed up. The ice beast barely misses you.
The ice beast closely misses you.
You closely miss the ice beast.
The ice beast is moderately wounded.
You barely miss the ice beast.
The ice beast is moderately wounded.
The ice beast hits you but does no damage.
You closely miss the ice beast.
The ice beast is moderately wounded.
The ice beast misses you.
You hit the ice beast.
The ice beast is moderately wounded.
The ice beast hits you.
* * * LOW HITPOINT WARNING * * *
The ice beast freezes you!
You feel yourself slow down.
You die...

#################
#..Y.............
#..@...)..†......
#.†#####..#####..
#......#..#h.....
#.:....#..#......
#####..#.[#..####
....h#..#..h..
w....#..#....h.
.#####..#####..
.....#..#5.h...


You could see an ice beast.

Vanquished Creatures
  Grinder (D:3)
  Eustachio (D:4)
  Menkaure (D:5)
  A black bear (D:4)
  2 ogres (D:5)
  A centaur (D:5)
  A phantom (D:5)
  A scorpion (D:5)
  A gnoll sergeant (D:5)
  A jelly (D:5)
  3 hounds
  2 iguanas (D:5)
  6 adders
  A shadow imp (D:6)
  3 dart slugs
  2 worms
  4 orcs
  9 endoplasms
  5 giant cockroaches
  5 goblins
  3 hobgoblins
  4 kobolds
  5 quokkas
  8 ball pythons
  3 bats
  4 frilled lizards
  6 rats
84 creatures vanquished.

Notes
Turn   | Place    | Note
-------+----------+-------------------------------------------
     0 | D:1      | DeathPants the Draconian Transmuter began the quest for the
                  | Orb.
     0 | D:1      | Reached XP level 1. HP: 16/16 MP: 3/3
   145 | D:2      | Reached XP level 2. HP: 23/23 MP: 3/5
   446 | D:1      | Reached XP level 3. HP: 29/29 MP: 3/6
   551 | D:1      | You fall into a shaft and drop 1 floor!
   551 | D:2      | Found a faded altar of an unknown god.
   664 | D:2      | Found Fiuteergh's Armour Shop.
   686 | D:2      | Bought a +0 pair of boots for 49 gold pieces
   846 | D:3      | Noticed Grinder
  1095 | D:2      | Reached XP level 4. HP: 28/36 MP: 7/7
  1667 | D:3      | Found an iron altar of Okawaru.
  1667 | D:3      | Found a glowing golden altar of the Shining One.
  1722 | D:3      | Killed Grinder
  1723 | D:3      | Reached XP level 5. HP: 33/45 MP: 7/9
  1723 | D:3      | Reached XP level 6. HP: 37/51 MP: 7/10
  1871 | D:3      | Found a shimmering altar of Xom.
  2346 | D:5      | Entered Level 5 of the Dungeon
  2346 | D:5      | Noticed Eustachio
  2441 | D:4      | Learned a level 2 spell: Wereblood
  2940 | D:4      | Identified a scroll of acquirement
  2940 | D:4      | Acquired 846 gold pieces
  3160 | D:4      | HP: 1/51 [Eustachio/+0 rapier (5)]
  3161 | D:4      | Killed Eustachio
  3162 | D:4      | Your scales start taking on a rich purple colour.
  3162 | D:4      | Reached XP level 7. HP: 2/58 MP: 11/13
  3679 | D:5      | Found a transporter.
  3679 | D:5      | Noticed Tollund's ghost (weakling HuDe)
  3682 | D:5      | Found a transporter.
  3801 | D:5      | Reached skill level 5 in Unarmed Combat
  3801 | D:5      | Reached skill level 5 in Spellcasting
  3878 | D:5      | Found Meceucvu's Magic Scroll Shop.
  3884 | D:5      | Learned a level 3 spell: Spider Form
  3888 | D:5      | Bought a scroll of identify for 20 gold pieces
  3888 | D:5      | Bought a scroll of identify for 20 gold pieces
  3888 | D:5      | Bought a scroll of identify for 20 gold pieces
  3888 | D:5      | Bought a scroll of blinking for 75 gold pieces
  3897 | D:5      | Reached XP level 8. HP: 67/67 MP: 13/15
  3981 | D:5      | Noticed Menkaure
  3995 | D:5      | Killed Menkaure
  3996 | D:5      | Reached skill level 1 in Poison Magic
  4024 | D:5      | Slain by an ice beast

Illustrated notes

Levels and vault maps discovered:
D:1:      amcnicky_arrival_single_pillar, layout_loops_cross,
          serial_bayou_pond_c, st_stairs_14
D:2:      minmay_alternating_diamond, layout_basic,
          chequers_ecumenical_altar_simple, serial_shops,
          nicolae_shop_statue_plus
D:3:      layout_rooms, lemuel_crystal_altar, jmf_multi_god_temple, uniq_grinder
D:4:      layout_loops_cross, minmay_misc_feat_hallway
D:5:      kennysheep_windowed_halls, layout_rooms,
          lemuel_coloured_pillars_altar, gammafunk_ghost_mausoleum,
          serial_shops, nicolae_shop_hallway_plus, minmay_checkerbox,
          uniq_menkaure, uniq_eustachio
D:6:      layout_loops_ring, kennysheep_ying_yang, ebering_ghost_rock_garden,
          minivault_10, kennysheep_generic_room_7

Skill      XL: |  1  2  3  4  5  6  7  8 |
---------------+-------------------------+-----
Dodging        | 2 3 4 |  4.3
Fighting       | 2 3 4 |  4.8
Unarmed Combat | 4 5 |  5.4
Spellcasting   | 3 4 5 |  5.0
Transmutations | 3 4 |  4.8
Poison Magic   | 1 |  1.4

Action                     |  1- 3 |  4- 6 |  7- 9 || total
---------------------------+-------+-------+-------++-------
  Melee: Unarmed           |    87 |   113 |    77 ||   277
         Tailslap          |     5 |     4 |     4 ||    13
         Kick              |    16 |    17 |    14 ||    47
         Headbutt          |     4 |    11 |    11 ||    26
         Punch             |       |     3 |     4 ||     7
  Throw: Javelin           |       |     1 |       ||     1
   Cast: Beastly Appendage |    16 |    20 |     8 ||    44
         Wereblood         |       |     1 |     1 ||     2
    Use: Potion            |       |     1 |       ||     1
         Scroll            |       |    13 |     3 ||    16
   Stab: Sleeping          |       |     1 |       ||     1
 Armour: Skin              |    36 |    71 |    19 ||   126
  Dodge: Dodged            |    72 |   111 |    50 ||   233

Table legend: (Time is in decaauts)
 A = Elapsed time spent in this place.
 B = Non-inter-level travel time spent in this place.
 C = Inter-level travel time spent in this place.
 D = Time resting spent in this place.
 E = Time spent auto-exploring this place.
 F = Levels seen in this place.
 G = Mean time per level.
                   A        B        C        D        E       F      G
               +--------+--------+--------+--------+--------+-----+--------+
         Total |   4017 |   3668 |    349 |    121 |   2513 |   6 |  669.5 |
       Dungeon |   4017 |   3668 |    349 |    121 |   2513 |   6 |  669.5 |
               +--------+--------+--------+--------+--------+-----+--------+

Top non-repeatable levels by time:
     D:4: 1136 daAuts
     D:1: 932 daAuts
     D:2: 822 daAuts
     D:3: 689 daAuts
     D:5: 428 daAuts
     D:6: 9 daAuts
